 Dungeon Crawl Stone Soup version 0.30-a0-222-ge547ba4400 (webtiles) character file.

Game seed: 3143432025165735989

68082 Ijustatesigmund the Gargoyle Aeon (level 15, 0/147 HPs)
             Began as a Gargoyle Fighter on Oct 8, 2022.
             Was the Champion of Cheibriados.
             Shot with a bolt by Saint Roka (7 damage)
             ... on level 2 of the Orcish Mines.
             The game lasted 00:44:06 (19906 turns).

Ijustatesigmund the Gargoyle Aeon (GrFi)           Turns: 19906, Time: 00:44:06

Health: 0/147      AC: 35    Str: 39    XL:     15   Next: 25%
Magic:  0/25       EV:  2    Int: 27    God:    Cheibriados [******]
Gold:   1205       SH:  8    Dex: 24    Spells: 11/14 levels left

rFire   . . .      SeeInvis .    a - +6 morningstar (protect)
rCold   . . .      Faith    .    c - +0 buckler
rNeg    + . .      Spirit   +    (body armour currently unavailable)
rPois   ∞          Reflect  .    (helmet currently unavailable)
rElec   .          Harm     .    (cloak currently unavailable)
rCorr   .          Rampage  .    (gloves currently unavailable)
Will    +....      NoTele   +    (boots currently unavailable)
Stlth   ++........               h - amulet of guardian spirit
HPRegen 0.44/turn                e - +4 ring of protection
MPRegen 0.19/turn                l - +4 ring of protection

@: tree-form, studying Necromancy, very slow
A: stationary, stasis, torment immunity, boosted hp, sickness immunity, AC +11,
(big wings), negative energy resistance 1, (electricity resistance), torment
resistance 1, petrification resistance
a: Renounce Religion, Bend Time, Temporal Distortion, Slouch, Step From Time


You were on level 2 of the Orcish Mines.
You worshipped Cheibriados.
Cheibriados was exalted by your worship.
You were a tree.
You visited 4 branches of the dungeon, and saw 22 of its levels.
You also visited: Volcano.

You collected 1555 gold pieces.
You spent 350 gold pieces at shops.

Inventory:

Hand Weapons
 a - a +6 morningstar of protection (weapon)
 k - a +2 flail of protection
 G - the +10 dark maul {vorpal}
   (You found it on level 13 of the Dungeon)

   It inflicts extra damage upon your enemies.
Armour
 b - a +3 plate armour of fire resistance
 c - a +0 buckler (worn)
 n - a +1 pair of boots (melded)
 s - a +2 cloak (melded)
 x - a +1 pair of gloves (melded)
 I - the +3 fire dragon scales "Plog" (melded) {rF++ rC- Slay+5 Stlth-}
   (You found it in a volcano)

   Slay:      It affects your accuracy & damage with ranged weapons and melee
   (+5).
   rF:        It greatly protects you from fire.
   rC:        It makes you vulnerable to cold.
   Stlth:     It makes you less stealthy.
Jewellery
 e - a +4 ring of protection (left branch)
 h - an amulet of guardian spirit (around neck)
 l - a +4 ring of protection (right branch)
 o - a ring of willpower
 r - the amulet of the Original Sin {RegenMP Dex+2}
   (You found it on level 3 of the Dungeon)

   [amulet of magic regeneration]

   It increases your rate of magic regeneration.
   Dex:       It affects your dexterity (+2).
Wands
 p - a wand of iceblast (12)
 t - a wand of polymorph (11)
 y - a wand of flame (14)
 F - a wand of charming (9)
 L - a wand of mindburst (1)
Scrolls
 d - 2 scrolls of poison
 g - 3 scrolls of amnesia
 q - 6 scrolls of identify
 v - 5 scrolls of teleportation
 A - 2 scrolls of magic mapping
 K - a scroll of enchant armour
Potions
 f - 6 potions of brilliance
 i - 4 potions of attraction
 j - 2 potions of curing
 m - a potion of lignification
 u - a potion of magic
 B - a potion of might
 H - 2 potions of ambrosia
Miscellaneous
 N - a phial of floods


   Skills:
 - Level 13.0 Fighting
 - Level 11.7 Maces & Flails
 + Level 10.0 Armour
 + Level 6.0 Dodging
 + Level 8.9 Shields
 - Level 7.0 Conjurations
 - Level 7.7 Earth Magic
 + Level 13.9 Invocations
 - Level 5.5 Evocations


You had 11 spell levels left.
You knew the following spells:

 Your Spells              Type           Power      Damage    Failure   Level
a - Stone Arrow           Conj/Erth      78%        3d11      2%          3

Your spell library contained the following spells:

 Spells                   Type           Power      Damage    Failure   Level
 Shock                    Conj/Air       76%        1d7       3%          1
 Hailstorm                Conj/Ice       19%        3d6       11%         3
 Freeze                   Ice            0%         1d3       14%         1
 Sting                    Tmut/Pois      0%         1d3       14%         1
 Mephitic Cloud           Conj/Pois/Air  12%        N/A       17%         3
 Lee's Rapid Deconstruct  Erth           20%        3d13*     17%         5
 Ensorcelled Hibernation  Hex/Ice        0%         N/A       22%         2
 Poisonous Vapours        Pois/Air       0%         N/A       22%         2
 Animate Armour           Summ/Erth      40%        N/A       30%         4
 Leda's Liquefaction      Hex/Erth       10%        N/A       30%         4
 Petrify                  Tmut/Erth      20%        N/A       30%         4
 Call Canine Familiar     Summ           0%         N/A       41%         3
 Frozen Ramparts          Ice            0%         1d1       41%         3
 Portal Projectile        Hex/Tloc       0%         N/A       41%         3
 Spider Form              Tmut/Pois      0%         N/A       41%         3
 Swiftness                Air            0%         N/A       41%         3
 Borgnjor's Vile Clutch   Necr/Erth      10%        N/A       63%         5
 Irradiate                Conj/Tmut      9%         3d14      67%         5
 Iron Shot                Conj/Erth      19%        9d4       73%         6
 Airstrike                Air            0%         2d(0-16)  82%         4
 Anguish                  Hex/Necr       0%         N/A       82%         4
 Animate Dead             Necr           0%         N/A       82%         4
 Cause Fear               Hex            0%         N/A       82%         4
 Olgreb's Toxic Radiance  Pois           0%         N/A       82%         4
 Blade Hands              Tmut           0%         N/A       99%         5
 Death Channel            Necr           0%         N/A       100%        6
 Dragon Form              Tmut           0%         N/A       100%        7
 Dragon's Call            Summ           0%         N/A       100%        9
 Cigotuvi's Dreadful Rot  Necr/Pois/Air  Unusable   N/A       N/A         2
 Sublimation of Blood     Necr           Unusable   N/A       N/A         2
 Statue Form              Tmut/Erth      Unusable   N/A       N/A         6

Dungeon Overview and Level Annotations

Branches:
Dungeon (14/15)            Temple (1/1) D:4            Lair (5/5) D:11
 Shoals (0/4) Lair:2        Snake (0/4) Lair:3        Slime (0/5) Lair:4
    Orc (2/2) D:10        Volcano (visited)
    Elf: Orc:2       Vaults: D:13-14

Altars:
Cheibriados
Elyvilon
Fedhas
Makhleb
Nemelex Xobeh
Okawaru
Qazlal
Ru
Sif Muna
Trog
Vehumet
Wu Jian
Yredelemnul
Zin
The Shining One

Shops:
D:9 =   D:10 (   Orc:2 (

Annotations:
Lair:2 2 transporters, BlueGoblin's ghost, journeyman SpHs
Orc:2 Saint Roka


Innate Abilities, Weirdness & Mutations

You are a tree.
Your roots penetrate the ground, keeping you stationary.
You cannot be teleported.
You are immune to unholy pain and torment.
Your maximum health is greatly increased.
Your equipment is partially melded.
You are immune to sickness and miasma.
((Your stone body is resilient. (AC +11)))
You are immune to poison.
((Your large and strong wings let you fly.))
You resist negative energy. (rN+)
((You are resistant to electric shocks. (rElec)))
You are resistant to unholy torment.
You are immune to petrification.


Message History

The orc warrior's mind is blasted!!
The orc warrior shoots a bolt.
You block the bolt.
Saint Roka invokes the aid of Beogh against you.
Beogh smites you!
* * * LOW HITPOINT WARNING * * *
Aiming: Mindburst
Press: ? - help, Shift-Dir - straight line, f/p - orc warrior
Aim: an orc warrior, wielding a +0 arbalest and wearing a +0 chain mail (severely wounded, chance to affect: 83%)
The orc warrior's mind is blasted!!
You blow up the orc warrior!
Cheibriados thoroughly appreciates the change of pace.
Your Dodging skill increases to level 6!
You feel better.
Saint Roka shoots a bolt.
The bolt completely misses you.
Okay, then.
Magic courses through your body.
Saint Roka shoots a bolt.
The bolt completely misses you.
Activating: Slouch (0% risk of failure)
Press: ? - help, Dir - look around, f - activate You can feel time thicken for a moment.
Saint Roka calls down the wrath of Beogh upon you.
Beogh smites you!
* * * LOW HITPOINT WARNING * * *
Activating: Slouch (0% risk of failure)
Press: ? - help, Dir - look around, f - activate You can feel time thicken for a moment.
Saint Roka invokes the aid of Beogh against you.
Beogh smites you!
* * * LOW HITPOINT WARNING * * *
Really renounce your faith, foregoing its fabulous benefits? [Y]es or [N]o only, please.
Really renounce your faith, foregoing its fabulous benefits?
Okay, then.
Unknown command.
Really quaff the potion of lignification?
You turn into a tree.
Your +2 cloak melds into your body.
Your +1 pair of gloves melds into your body.
Your +1 pair of boots melds into your body.
The +3 fire dragon scales "Plog" {rF++ rC- Slay+5 Stlth-} melds into your body.
Your roots penetrate the ground.
Saint Roka shoots a bolt.
The bolt hits you!
You die...

### ##.#####
#♣..#..# ##......#
##......##
#........##
#........##
##...#o⌠.⌠#
.#######......∩.#
....#.#.#......⌠.⌠#
...#.....#.$......#


You could see Saint Roka (very poisoned).

Vanquished Creatures
  A stone giant (D:13)
  A fire dragon (Lair:5)
  Harold (Orc:1)
  5 hydras
  4 catoblepae
  2 boulder beetles
  4 death yaks (Lair:2)
  3 two-headed ogres
  Nergalle (Lair:3)
  2 lindwurms
  An ugly thing (D:12)
  An orc knight (D:11)
  An oklob plant (D:11)
  3 cyclopes
  2 manticores (D:11)
  9 elephants (Lair:5)
  2 merfolk sirens (Lair:2)
  9 black mambas
  3 molten gargoyles
  4 gargoyles
  A torpor snail (Lair:2)
  3 efreet (Volcano)
  7 cane toads
  2 unseen horrors
  17 komodo dragons
  2 rime drakes
  2 merfolk (Lair:2)
  7 trolls
  A hornet (Lair:2)
  15 dream sheep
  16 blink frogs
  14 slime creatures
  Sigmund (D:3)
  2 vampires (D:12)
  A ynoxinul (D:11)
  A shadow (D:11)
  65 yaks
  6 wyverns
  4 basilisks
  3 wraiths
  3 fire elementals (Volcano)
  4 steam dragons
  7 vampire mosquitoes
  3 nagas (Lair:3)
  An acid dragon (D:12)
  4 hell hounds (Lair:5)
  6 water moccasins
  10 orc warriors
  A sky beast (D:9)
  An ogre (Orc:1)
  2 black bears (D:6)
  10 wolves
  5 centaurs
  2 phantoms (D:10)
  3 kobold brigands
  3 necrophages
  13 bullfrogs
  2 gnoll sergeants
  3 scorpions
  5 earth elementals (Volcano)
  4 wights (D:6)
  A troll zombie (D:10)
  25 killer bees
  2 electric eels (Lair:2)
  9 howler monkeys
  5 lava snakes (Lair:5)
  4 hounds
  4 jellies
  A gnoll bouda (D:7)
  12 orc priests
  Terence (D:2)
  2 iguanas
  11 orc wizards
  7 ogre zombies (D:10)
  A howler monkey zombie (D:5)
  9 gnolls
  8 adders
  A shadow imp (D:7)
  A white imp (D:7)
  3 ufetubi
  An adder zombie (D:5)
  A worm (D:2)
  7 dart slugs
  51 orcs
  7 endoplasms
  2 giant cockroaches
  5 goblins
  8 hobgoblins
  12 jackals
  3 quokkas
  9 ball pythons
  2 bats
  6 frilled lizards
  A goblin skeleton (D:10)
  6 goblin zombies (D:10)
  4 hobgoblin skeletons (D:10)
  2 hobgoblin zombies (D:10)
  20 kobolds
  12 orc zombies (D:10)
  7 rats
  A fire vortex (Volcano)
595 creatures vanquished.

Vanquished Creatures (others)
  The ghost of tensugalgo the Zephyrmancer, a journeyman BaAE of Sif Muna (D:11)
  A lindwurm (Volcano)
  A bush (Lair:5)
  32 fungi
  40 plants
75 creatures vanquished.

Grand Total: 670 creatures vanquished

Notes
Turn   | Place    | Note
-------+----------+-------------------------------------------
     0 | D:1      | Ijustatesigmund the Gargoyle Fighter began the quest for
                  | the Orb.
     0 | D:1      | Reached XP level 1. HP: 14/14 MP: 1/1
     1 | D:1      | Found a runed translucent door.
   109 | D:2      | Reached XP level 2. HP: 14/20 MP: 2/2
   233 | D:2      | Identified the +1 ring mail "Ixkid" {Rampage rPois Int-4
                  | Dex+2}
   357 | D:2      | Reached XP level 3. HP: 24/24 MP: 3/3
   672 | D:1      | Found a faded altar of an unknown god.
  1220 | D:2      | Reached XP level 4. HP: 30/30 MP: 4/4
  1734 | D:2      | Found an iron altar of Okawaru.
  1765 | D:2      | Noticed Terence
  1776 | D:2      | Killed Terence
  2114 | D:3      | Noticed Sigmund
  2130 | D:3      | Killed Sigmund
  2131 | D:3      | Reached skill level 5 in Fighting
  2131 | D:3      | Reached XP level 5. HP: 29/36 MP: 5/5
  2131 | D:3      | Reached XP level 6. HP: 33/41 MP: 6/6
  2264 | D:3      | Identified the amulet of the Original Sin {RegenMP Dex+2}
  2809 | D:4      | Found a sacrificial altar of Ru.
  2877 | D:4      | Reached skill level 5 in Maces & Flails
  3043 | D:4      | You fall into a shaft and drop 2 floors!
  3061 | D:5      | Entered Level 5 of the Dungeon
  3092 | D:5      | Reached XP level 7. HP: 46/46 MP: 7/7
  3163 | D:4      | Found a staircase to the Ecumenical Temple.
  3391 | Temple   | Entered the Ecumenical Temple
  3401 | Temple   | Became a worshipper of Cheibriados the Contemplative
  3479 | D:5      | Reached skill level 1 in Invocations
  3499 | D:5      | Found a sparkling altar of Nemelex Xobeh.
  3541 | D:5      | Found a basalt altar of Yredelemnul.
  3584 | D:5      | Found a glowing silver altar of Zin.
  3742 | D:5      | Reached * piety under Cheibriados
  4076 | D:6      | Reached skill level 5 in Armour
  4076 | D:6      | Reached XP level 8. HP: 46/52 MP: 9/9
  4241 | D:7      | Reached ** piety under Cheibriados
  4490 | D:7      | Reached XP level 9. HP: 26/59 MP: 5/12
  5102 | D:7      | Reached skill level 5 in Invocations
  5287 | D:7      | Reached *** piety under Cheibriados
  5381 | D:7      | Found a radiant altar of Vehumet.
  6556 | D:8      | Noticed a two-headed ogre
  6565 | D:8      | Killed a two-headed ogre
  6566 | D:8      | Reached skill level 1 in Dodging
  6566 | D:8      | Reached XP level 10. HP: 38/66 MP: 9/14
  6674 | D:8      | Identified the +7 falchion "Worm" {freeze, Dex+2}
  7035 | D:8      | Reached **** piety under Cheibriados
  7321 | D:9      | Found Vywkamol's Jewellery Emporium.
  7471 | D:9      | Found a white marble altar of Elyvilon.
  7474 | D:9      | Noticed a cyclops
  7488 | D:9      | Killed a cyclops
  7726 | D:9      | Reached skill level 1 in Evocations
  7895 | D:10     | Entered Level 10 of the Dungeon
  7895 | D:10     | Noticed Sonja
  7896 | D:10     | Sonja changed into Sonja the sky beast
  7896 | D:10     | Noticed Sonja
  7909 | D:9      | Killed Sonja the sky beast
  7991 | D:10     | Found Idekac's Weapon Emporium.
  8008 | D:10     | Bought a +4 morningstar of holy wrath for 350 gold pieces
  8026 | D:10     | Reached ***** piety under Cheibriados
  8264 | D:10     | Reached skill level 5 in Shields
  8264 | D:10     | Reached XP level 11. HP: 70/72 MP: 15/17
  8304 | D:10     | Found a staircase to the Orcish Mines.
  8618 | D:10     | Reached skill level 10 in Fighting
  9108 | D:11     | Noticed a cyclops
  9114 | D:11     | Killed a cyclops
  9175 | D:11     | Noticed tensugalgo's ghost (journeyman BaAE)
  9242 | D:11     | Noticed an orc knight
  9242 | D:11     | Noticed a boulder beetle
  9243 | D:11     | Noticed a manticore
  9249 | D:11     | Killed an orc knight
  9267 | D:11     | Noticed a manticore
  9482 | D:11     | Noticed an oklob plant
  9691 | D:11     | Found an iron altar of Okawaru.
  9706 | D:11     | Killed a boulder beetle
  9707 | D:11     | Reached skill level 5 in Evocations
  9884 | D:11     | Found a runed translucent door.
  9944 | D:11     | Killed a manticore
 10040 | D:11     | Killed a manticore
 10091 | D:11     | Reached XP level 12. HP: 67/79 MP: 15/19
 10430 | D:11     | Found a staircase to the Lair.
 10637 | D:11     | Killed tensugalgo's ghost
 10638 | D:11     | Reached skill level 10 in Invocations
 10671 | D:11     | Got the Verses on Metal
 10676 | D:11     | Learned a level 3 spell: Stone Arrow
 10764 | D:12     | Reached skill level 1 in Earth Magic
 10779 | D:12     | Reached ****** piety under Cheibriados
 10780 | D:12     | Reached skill level 1 in Conjurations
 10910 | D:12     | Reached skill level 10 in Maces & Flails
 11534 | D:13     | Noticed a two-headed ogre
 11542 | D:13     | Killed a two-headed ogre
 11736 | D:13     | Noticed a two-headed ogre
 11740 | D:13     | Killed a two-headed ogre
 12028 | D:13     | Noticed a six-headed hydra
 12037 | D:13     | Killed a six-headed hydra
 12288 | D:13     | Noticed a catoblepas
 12288 | D:13     | Noticed a stone giant
 12291 | D:13     | Noticed a catoblepas
 12291 | D:13     | Noticed a catoblepas
 12310 | D:13     | Killed a catoblepas
 12321 | D:13     | Killed a stone giant
 12325 | D:13     | Reached XP level 13. HP: 33/85 MP: 9/21
 12488 | D:13     | Found the +10 dark maul {vorpal}
 12506 | D:13     | Reached skill level 5 in Earth Magic
 12870 | D:13     | Reached skill level 5 in Conjurations
 13124 | Lair:1   | Entered Level 1 of the Lair of Beasts
 13325 | Lair:1   | Found a dark tunnel.
 13347 | Volcano  | Entered a volcano
 13590 | Volcano  | Identified the +3 fire dragon scales "Plog" {rF++ rC-
                  | Slay+5 Stlth-}
 14391 | Lair:2   | Found a staircase to the Shoals.
 14841 | Lair:2   | Noticed BlueGoblin's ghost (journeyman SpHs)
 15151 | Lair:2   | Found a transporter.
 15151 | Lair:2   | Found a transporter.
 15161 | Lair:2   | Found a bloodstained altar of Trog.
 15941 | Lair:3   | Gained mutation: Your large and strong wings let you fly.
                  | [Gargoyle growth]
 15941 | Lair:3   | Reached XP level 14. HP: 86/94 MP: 20/23
 15967 | Lair:3   | Noticed Nergalle
 15981 | Lair:3   | Killed Nergalle
 16152 | Lair:3   | Found a staircase to the Snake Pit.
 16672 | Lair:4   | Identified the +7 dagger of an ice cave {vorpal, Int+3}
 17044 | Lair:4   | Found a staircase to the Slime Pits.
 17608 | Lair:5   | Entered Level 5 of the Lair of Beasts
 18265 | Lair:5   | Reached skill level 5 in Dodging
 18564 | Lair:5   | Reached XP level 15. HP: 94/98 MP: 25/25
 18904 | Lair:5   | Found a large runed translucent door.
 18904 | Lair:5   | Found a large runed translucent door.
 19350 | Orc:1    | Entered Level 1 of the Orcish Mines
 19360 | Orc:1    | Noticed Harold
 19372 | Orc:1    | Reached skill level 10 in Armour
 19391 | Orc:1    | Killed Harold
 19569 | Orc:2    | Entered Level 2 of the Orcish Mines
 19571 | Orc:2    | Noticed Saint Roka
 19865 | Orc:2    | Found Cittopli's Weapon Boutique.
 19905 | Orc:2    | HP: 4/98 [Saint Roka/divine providence (6)]
 19906 | Orc:2    | Shot with a bolt by Saint Roka

Illustrated notes

Levels and vault maps discovered:
D:1:      dpeg_arrival_caged_fury, layout_basic,
          shapermc_ecumenical_altar_mp_ritualfount, st_stairs_4
D:2:      minmay_chambers_of_ones, layout_basic, basic_altar, kennysheep_boxes,
          uniq_terence
D:3:      layout_basic, uniq_sigmund
D:4:      layout_cave_pools, mainiacjoe_overflow_tiny_flanked,
          lemuel_temple_firewalk_b
D:5:      kennysheep_slugbush, layout_rooms, zin_academy,
          lemuel_zombie_altar_yredelemnul, nemelex_diamond_rough_becter,
          eino_tiny_chamber
D:6:      layout_rooms
D:7:      layout_basic, vehumet_crystals, hangedman_decor_diamond_cutter,
          hangedman_abyss_or_decor_stagger, minmay_misc_feat_columns,
          minivault_5, minmay_manual_monstrance
D:8:      layout_loops_ring
D:9:      layout_layer_cave, elyvilon_altar_5, serial_shops,
          nicolae_shop_crystal
D:10:     layout_long_grid, zombieorc2_lemuel, serial_shops,
          nicolae_shop_hallway_plus, chequers_decorated_corner, uniq_sonja
D:11:     layout_loops_corners, dpeg_oklobed_lair, hellmonk_ghost_big_iron,
          minmay_ruined_shrine
D:12:     layout_irregular_city
D:13:     minmay_roctagon, layout_loops_cross
D:14:     layout_basic, skrybe_vaults_entry_preservation, minmay_fountain_box,
          gauntlet_entry_generic, minmay_guarded_unrand_wrath_of_trog
Temple:   lightli_temple_of_artemis
Lair:1:   layout_loops_ring, nicolae_volcano_entry_lava_flow,
          minmay_stone_trees_medium, grunt_megastairs_5,
          infiniplex_staircase_pool
Lair:2:   layout_long_grid, elwin_shoals_entry_stream, serial_rivers,
          chequers_serial_rivers_large_b, chequers_serial_rivers_micro_b,
          chequers_serial_rivers_micro_c, chequers_serial_rivers_micro_e,
          chequers_serial_rivers_small_a, gammafunk_ghost_wrathful_warriors,
          nicolae_quartered_pool_super, cheibrodos_lair_caveside_slide
Lair:3:   layout_big_grid, guppyfry_snake_entry_garden, uniq_nergalle
Lair:4:   layout_loops_ring, minmay_slime_entry_pillars, lemuel_fruit_tree,
          grunt_megastairs_4
Lair:5:   cheibrodos_lair_end_hotspot, layout_regular_city, serial_bayou_pond_e
Orc:1:    layout_caves, gammafunk_ghost_fury_of_okawaru, uniq_harold
Orc:2:    st_orc_rangers, layout_caves, serial_shops, shop_fountains,
          uniq_saint_roka

Skill      XL: |  1  2  3  4  5  6  7  8  9 10 11 12 13 14 15 |
---------------+----------------------------------------------+-----
Fighting       | 4 5 6 7 9 10 11 13 | 13.0
Maces & Flails | 3 4 5 6 8 9 10 11 | 11.7
Armour         | 4 5 6 7 9 10 | 10.0
Invocations    | 2 4 6 8 9 11 12 13 | 13.9
Dodging        | 1 2 5 6 |  6.0
Evocations     | 2 5 |  5.5
Shields        | 5 8 |  8.9
Earth Magic    | 4 7 |  7.7
Conjurations   | 4 6 7 |  7.0

Action                   |  1- 3 |  4- 6 |  7- 9 | 10-12 | 13-15 || total
-------------------------+-------+-------+-------+-------+-------++-------
Melee: Flail             |   111 |   171 |   374 |   202 |       ||   858
       Morningstar       |       |       |       |   409 |   869 ||  1278
 Cast: Stone Arrow       |       |       |       |       |     3 ||     3
Invok: Slouch            |       |       |       |     1 |     8 ||     9
       Bend Time         |       |       |       |     1 |       ||     1
Evoke: Wand              |       |       |       |     4 |    16 ||    20
  Use: Scroll            |     4 |       |     6 |     9 |    18 ||    37
       Potion            |       |     1 |     9 |       |    13 ||    23
 Stab: Invisible         |       |       |       |       |     9 ||     9
       Petrified         |       |       |       |       |     4 ||     4
       Distracted        |       |       |       |       |     1 ||     1
Armor: Scale mail        |    59 |    56 |       |       |       ||   115
       Plate armour      |       |    32 |   470 |   661 |    43 ||  1206
       Fire dragon scale |       |       |       |       |   662 ||   662
Dodge: Dodged            |    53 |    64 |   180 |   399 |   654 ||  1350
Block: Buckler           |    34 |    24 |   125 |   251 |   365 ||   799

Table legend: (Time is in decaauts)
 A = Elapsed time spent in this place.
 B = Non-inter-level travel time spent in this place.
 C = Inter-level travel time spent in this place.
 D = Time resting spent in this place.
 E = Time spent auto-exploring this place.
 F = Levels seen in this place.
 G = Mean time per level.
                   A        B        C        D        E       F      G
               +--------+--------+--------+--------+--------+-----+--------+
         Total |  28111 |  26513 |   1598 |   2495 |  18981 |  23 | 1222.2 |
       Dungeon |  17711 |  16665 |   1046 |   1631 |  11881 |  14 | 1265.1 |
        Temple |     20 |     10 |     10 |      0 |      0 |   1 |   20.0 |
          Lair |   9077 |   8577 |    500 |    384 |   6788 |   5 | 1815.4 |
  Orcish Mines |    763 |    723 |     40 |    228 |    271 |   2 |  381.5 |
       Volcano |    538 |    538 |      0 |    252 |     40 |   1 |  538.0 |
               +--------+--------+--------+--------+--------+-----+--------+

Top non-repeatable levels by time:
    D:11: 2885 daAuts
     D:7: 2517 daAuts
  Lair:5: 2383 daAuts
  Lair:2: 2038 daAuts
    D:13: 2015 daAuts
    D:10: 1740 daAuts
  Lair:4: 1688 daAuts
  Lair:1: 1570 daAuts
  Lair:3: 1396 daAuts
    D:12: 1367 daAuts
     D:2: 1308 daAuts
     D:8: 1219 daAuts
     D:9: 979 daAuts
     D:5: 872 daAuts
     D:1: 800 daAuts
